AoeStats
← JRazzz

MegaRandom

505274335Analyzed
2v2 RM · 24d ago on Sep 8, 2026· 18m 54s· 4 players
Game mode
Random Map
Map size
Medium (4 player)
Population
200
Speed
Normal
Resources
Standard
Victory
Conquest
Starting age
Dark Age
Ending age
Imperial Age
RankedLock teamsTeams togetherTeam positionsShared explorationLock speedFull tech treeHidden civsTurbo modeCheats
Victory
Defeat
🇸🇪 Turks · Sweden
1233
+15
🇸🇪 Portuguese · Sweden
1217
+16
🇬🇧 Britons · United Kingdom
1296
-18
🇪🇸 Persians · Spain
1143
-13
[pH]Ulfenstein
7:19 Loom
9:49 Feudal Age
10:56 Double-Bit Axe
14:00 Scale Barding Armor
14:19 Horse Collar
16:50 Forging
18:38 Wheelbarrow
Gargamel
6:36 Loom
9:28 Feudal Age
10:30 Double-Bit Axe
11:16 Horse Collar
13:07 Town Watch
13:53 Fletching
aKrasia
10:08 Feudal Age
12:47 Wheelbarrow
15:19 Castle Age
16:18 Double-Bit Axe
18:07 Loom
JRazzz
9:53 Feudal Age
13:37 Castle Age
12:18 Double-Bit Axe
12:27 Loom
12:42 Horse Collar
15:31 Bow Saw
Connection lost

Rejoining the realm…

Still unreachable

The connection could not be restored.

Session expired

The server has moved on; the page needs a fresh start.